 Dungeon Crawl Stone Soup version 0.22.1-1-ga44c0e56f4 (webtiles) character file.

149 Pocketmage the Insei (level 5, -6/47 HPs)
             Began as a Hill Orc Monk on Sept 24, 2018.
             Blown up by Ijyb (15 damage)
             ... with a wand of disintegration (2)
             ... on level 3 of the Dungeon.
             The game lasted 00:15:51 (2381 turns).

Pocketmage the Insei (Hill Orc Monk)                Turns: 2381, Time: 00:15:52

Health: -6/47      AC:  3    Str: 14    XL:     5   Next: 31%
Magic:  5/5        EV: 13    Int: 10    God:
Gold:   135        SH:  0    Dex: 14    Spells: 4/4 levels left

rFire    . . .     SeeInvis .     - Unarmed
rCold    . . .     Gourm    .   (no shield)
rNeg     . . .     Faith    .   a - +0 robe
rPois    .         Spirit   .   d - +0 helmet
rElec    .         Reflect  .   q - scarf {cloud immunity}
rCorr    .         Harm     .   (no gloves)
MR       .....                  (no boots)
Stlth    ++........             (no amulet)
HPRegen  0.15/turn              (no ring)
MPRegen  0.09/turn              (no ring)

@: lethally poisoned (-6 -> -9)
A: no striking features
a: no special abilities


You were on level 3 of the Dungeon.
You were not hungry.

You visited 1 branch of the dungeon, and saw 3 of its levels.

You collected 135 gold pieces.

Inventory:

Armour
 a - a +0 robe (worn)
 d - a +0 helmet (worn)
 p - a +2 cloak
 q - a scarf of cloud immunity (worn)
Jewellery
 g - an uncursed ring of protection from cold {unknown}
 l - a cursed amulet of inaccuracy {unknown}
Scrolls
 e - a scroll of blinking {unknown}
 h - a scroll of amnesia {unknown}
 i - 6 scrolls of identify {unknown}
 o - a scroll of enchant armour {unknown}
Potions
 c - a potion of flight {unknown}
 f - a potion of ambrosia {unknown}
 j - a potion of heal wounds {unknown}
 k - a potion of might {unknown}
 m - 2 potions of degeneration {unknown}
 n - 2 potions of curing {unknown}
Comestibles
 b - 5 rations


   Skills:
 + Level 4.4 Fighting
 + Level 2.9 Dodging
 * Level 2.8 Stealth
 + Level 4.6 Unarmed Combat


You had 4 spell levels left.
You didn't know any spells.
Your spell library was empty.

Dungeon Overview and Level Annotations

Branches:
Dungeon (3/15)

Altars:

Annotations:
D:2 Natasha
D:3 Ijyb


Message History

* * * LOW HITPOINT WARNING * * *
You hit Ijyb but do no damage.
Ijyb is lightly wounded.
The kobold shoots a poisoned needle.
The poisoned needle hits you!
You are poisoned.
You hit Ijyb.
Ijyb is lightly wounded.
You feel sick. Ijyb hits you.
* * * LOW HITPOINT WARNING * * *
You hit Ijyb.
Ijyb is moderately wounded.
Ijyb hits you but does no damage.
You closely miss Ijyb.
Ijyb is moderately wounded.
You feel sick. Ijyb misses you.
You hit Ijyb but do no damage.
Ijyb is moderately wounded.
Ijyb grins evilly.
Ijyb zaps a wand.
You are blasted!
You die...

.#.###...........#
#. #...........# #
#...........#
#.....รท.....#
#####.......#
#.......# #
###...###
....#...####
......K...@g#
............#
####....^...#
#........#
#........#
#........#
##########


You could see Ijyb and a kobold.

Vanquished Creatures
  A black bear (D:3)
  An adder (D:2)
  2 leopard geckos
  2 orcs
  7 bats
  4 giant cockroaches
  8 goblins
  4 hobgoblins
  3 jackals (D:2)
  5 kobolds
  A frilled lizard (D:3)
  3 rats
41 creatures vanquished.

Vanquished Creatures (others)
  A plant (D:2)
1 creature vanquished.

Grand Total: 42 creatures vanquished

Notes
Turn   | Place    | Note
-------+----------+-------------------------------------------
     0 | D:1      | Pocketmage the Hill Orc Monk began the quest for the Orb.
     0 | D:1      | Reached XP level 1. HP: 19/19 MP: 1/1
   312 | D:1      | Reached XP level 2. HP: 26/27 MP: 2/2
   917 | D:1      | Reached XP level 3. HP: 29/33 MP: 3/3
  1822 | D:2      | Noticed Natasha
  1970 | D:3      | Noticed a black bear
  1986 | D:3      | Killed a black bear
  1986 | D:3      | Reached XP level 4. HP: 12/41 MP: 4/4
  1986 | D:3      | Reached XP level 5. HP: 14/47 MP: 5/5
  2366 | D:3      | Noticed Ijyb
  2381 | D:3      | Blown up by Ijyb

Skill      XL: |  1  2  3 |
---------------+----------+-----
Fighting       | 4 |  4.4
Stealth        | 2 |  2.8
Unarmed Combat | 4 |  4.6
Dodging        | |  2.9

Action                   |  1- 3 |  4- 6 || total
-------------------------+-------+-------++-------
Melee: Unarmed           |   142 |    31 ||   173
       Punch             |     5 |       ||     5
 Stab: Sleeping          |     5 |     2 ||     7
  Eat: Ration            |     1 |       ||     1
       Chunk             |       |     1 ||     1
Armor: Robe              |    26 |     2 ||    28
Dodge: Dodged            |    93 |    12 ||   105
